 Dungeon Crawl Stone Soup version 0.32-a0-975-g85d4e5bfdb (webtiles) character file.

Game seed: 8097740339312998339

625 ezpacito the Chopper (level 7, -1/54 HPs)
             Began as a Coglin Chaos Knight on Apr 19, 2024.
             Was a Plaything of Xom.
             Slain by Edmund
             ... wielding a +2 flail of protection
              (5 damage)
             ... on level 3 of the Dungeon.
             The game lasted 00:04:28 (3398 turns).

ezpacito the Chopper (Coglin Chaos Knight)          Turns: 3398, Time: 00:04:29

Health: -1/54      AC:  7    Str: 15    XL:     7   Next: 47%
Magic:  8/8        EV: 11    Int: 11    God:    Xom [.*....]
Gold:   156        SH:  0    Dex: 13    Spells: 8/8 levels left

rFire   + . .        a - +0 hand axe (chaos) {Tejnoor}
rCold   . . .        f - +0 spear {Zhen}
rNeg    . . .        b - +2 leather armour
rPois   .            (no helmet)
rElec   .            (no cloak)
rCorr   .            (no gloves)
SInv    .            (no boots)
Will    .....        (amulet unavailable)
Stlth   ++           (ring unavailable)
HPRegen 0.29/turn    (ring unavailable)
MPRegen 0.11/turn    (no gizmo)

%: no passive effects
@: brilliant, about to teleport, attractive, revved
A: off-hand wielding, slow wielding, warmup strikes, no jewellery, iridescent
scales 1, fire resistance 1, evolution 1
a: Invent Gizmo, Renounce Religion


You were on level 3 of the Dungeon.
You worshipped Xom.
You were a plaything of Xom.
You visited 1 branch of the dungeon, and saw 4 of its levels.

You collected 156 gold pieces.

Inventory:

Hand Weapons
 a - a +0 hand axe of chaos (weapon) {Tejnoor}
 f - a +0 spear (offhand) {Zhen}
 k - a +0 sling
Missiles
 m - 5 boomerangs (quivered)
Armour
 b - a +2 leather armour (worn)
Talismans
 n - a blade talisman
Wands
 d - a wand of flame (4)
Scrolls
 e - a scroll of immolation {unknown}
 g - a scroll of poison {unknown}
 h - a scroll of amnesia {unknown}
 i - 2 scrolls of identify
 j - a scroll of fear {unknown}
 l - a scroll of acquirement {unknown}
 p - a scroll of vulnerability
 r - a scroll of fog {unknown}
 s - a scroll of enchant weapon {unknown}


   Skills:
 * Level 4.1 Fighting
 * Level 4.4(4.7) Axes
 * Level 2.3(3.5) Polearms
 + Level 1.2 Throwing
 * Level 3.1 Armour
 * Level 2.7 Dodging
 + Level 1.5 Stealth
 + Level 1.2 Spellcasting
 + Level 1.1 Evocations
 + Level 1.0 Shapeshifting


You had 8 spell levels left.
You didn't know any spells.
Your spell library was empty.

Dungeon Overview and Level Annotations

Branches:
Dungeon (4/15)
 Temple: D:4-7

Altars:
Nemelex Xobeh
Sif Muna
Trog
Xom

Annotations:
D:3 Edmund


Innate Abilities, Weirdness & Mutations

You can wield a second weapon in your off-hand.
It takes a long time for you to wield or remove held weapons.
Your first few attacks do less damage.
You cannot equip rings or amulets.
You are partially covered in iridescent scales. (AC +2)
Your flesh is heat resistant. (rF+)
You have hidden genetic potential.


Message History

You hit Edmund but do no damage.
Edmund laughs at nothing.
Edmund barely misses you.
You hit Edmund with your +0 spear.
Edmund is moderately wounded.
You hit Edmund but do no damage.
Edmund falls asleep!
Edmund shouts!
Edmund hits you with a +2 flail of protection!
You take 13 damage, and have 21/54 hp.
MASSIVE DAMAGE!!
As you read the scroll of identify, it crumbles to dust.
p - a scroll of teleportation;
t - a scroll of teleportation
p - a scroll of vulnerability Edmund shouts, "What's happening?!"
Edmund closely misses you.
Okay, then.
You catch the helpless Edmund completely off-guard!
You hit Edmund but do no damage.
Edmund is moderately wounded.
You hit Edmund but do no damage.
Edmund seems less confused.
Edmund hits you with a +2 flail of protection.
* * * LOW HITPOINT WARNING * * *
You take 5 damage, and have 16/54 hp.
You hit Edmund but do no damage.
Edmund is moderately wounded.
You closely miss Edmund with your +0 hand axe of chaos.
Edmund hits you with a +2 flail of protection.
* * * LOW HITPOINT WARNING * * *
You take 6 damage, and have 10/54 hp.
You hit Edmund but do no damage.
Edmund is moderately wounded.
You hit Edmund but do no damage.
Edmund hits you with a +2 flail of protection.
* * * LOW HITPOINT WARNING * * *
You take 6 damage, and have 4/54 hp.
As you read the scroll of teleportation, it crumbles to dust.
You feel strangely unstable.
Edmund hits you with a +2 flail of protection.
You die...
Edmund says, "I'd like to see a scythe do that!"
Xom roars with laughter!

.#....###.####.#
#.........# #.#
....#######
##.## ...##
#..)##### ..##
#.#.....# ..#
#...###g# ..#
##### #># #.#
############)#
#.#
#.....b..@@..#
..#
#.############
..# #.# ..# #.#
..# #.# ..# #.#
..# #.########
<.# #........#
..# ########.#


You could see Edmund.

Vanquished Creatures
  Grinder (D:3)
  A centaur (D:4)
  A howler monkey (D:4)
  2 bombardier beetles
  2 orc wizards (D:3)
  8 gnolls
  2 adders
  3 ribbon worms
  3 dart slugs
  2 orcs (D:3)
  3 bats
  14 endoplasms
  6 giant cockroaches
  8 goblins
  6 hobgoblins
  7 kobolds
  2 quokkas
  5 ball pythons
  3 frilled lizards
  4 rats
83 creatures vanquished.

Notes
Turn   | Place    | Note
-------+----------+-------------------------------------------
     0 | D:1      | ezpacito the Coglin Chaos Knight began the quest for the
                  | Orb.
     0 | D:1      | Reached XP level 1. HP: 18/18 MP: 1/1
    52 | D:1      | Reached skill level 1 in Dodging
    84 | D:1      | Reached XP level 2. HP: 24/24 MP: 2/2
   126 | D:1      | XOM: silly message
   261 | D:1      | XOM: silly message
   417 | D:1      | Reached XP level 3. HP: 23/29 MP: 3/3
   435 | D:1      | XOM: silly message
   694 | D:2      | XOM: silly message
  1173 | D:2      | Found a faded altar of an unknown god.
  1233 | D:2      | XOM: silly message
  1292 | D:2      | XOM: silly message
  1355 | D:2      | XOM: silly message
  1477 | D:2      | XOM: silly message
  1581 | D:3      | Noticed Grinder
  1599 | D:3      | Paralysed by Grinder for 2 turns
  1600 | D:3      | HP: 1/29 [Grinder (2)]
  1604 | D:3      | Killed Grinder
  1605 | D:3      | Reached skill level 1 in Polearms
  1605 | D:3      | Reached skill level 1 in Stealth
  1605 | D:3      | Reached XP level 4. HP: 3/37 MP: 3/5
  1605 | D:3      | Reached XP level 5. HP: 3/42 MP: 3/6
  1605 | D:3      | Reached XP level 6. HP: 4/48 MP: 3/7
  1777 | D:3      | XOM: potion effect (attraction)
  1826 | D:3      | XOM: divination: detect items
  1875 | D:3      | Reached skill level 1 in Spellcasting
  1922 | D:3      | You fall into a shaft and drop 1 floor!
  1992 | D:4      | XOM: polymorph gnoll -> endoplasm
  2006 | D:4      | Reached skill level 1 in Throwing
  2261 | D:3      | XOM: 1-stop teleportation journey
  2537 | D:3      | Reached XP level 7. HP: 53/53 MP: 8/8
  2683 | D:4      | Reached skill level 1 in Evocations
  2683 | D:4      | Reached skill level 1 in Shapeshifting
  2731 | D:4      | XOM: give mutations
  2731 | D:4      | Gained mutation: You are partially covered in iridescent
                  | scales. (AC +2) [Xom's grace]
  2731 | D:4      | Gained mutation: You have hidden genetic potential. [Xom's
                  | grace]
  2731 | D:4      | Gained mutation: Your flesh is heat resistant. (rF+) [Xom's
                  | grace]
  2919 | D:4      | Found a shimmering blue altar of Sif Muna.
  2988 | D:4      | Found a shimmering altar of Xom.
  3111 | D:4      | Found a bloodstained altar of Trog.
  3126 | D:4      | Found a sparkling altar of Nemelex Xobeh.
  3335 | D:4      | XOM: fog
  3337 | D:4      | XOM: summons 7 friendly demons
  3363 | D:4      | Noticed Edmund
  3381 | D:3      | XOM: confusion (+ monsters)
  3398 | D:3      | Slain by Edmund

Illustrated notes

Levels and vault maps discovered:
D:1:      lemuel_arrival_room, layout_rooms
D:2:      layout_basic, shapermc_ecumenical_altar_pompeii, minmay_quadrilaterals
D:3:      layout_loops_ring, nicolae_the_louvre, uniq_grinder
D:4:      minmay_evil_eye, layout_gridville, mainiacjoe_overflow_cross_hatched,
          trog_book, marbit_many_paths, regret_index_xom_buried_treasure,
          nrook_uturn, hangedman_decor_growths, uniq_edmund

Skill      XL: |  1  2  3  4  5  6  7 |
---------------+----------------------+-----
Dodging        | 1 2 |  2.7
Armour         | 2 3 |  3.1
Polearms       | 1 2 |  2.3
Stealth        | 1 |  1.5
Axes           | 4 |  4.4
Spellcasting   | 1 |  1.2
Throwing       | 1 |  1.2
Fighting       | 4 |  4.1
Evocations     | 1 |  1.1
Shapeshifting  | 1 |  1.0

Action                     |  1- 3 |  4- 6 |  7- 9 || total
---------------------------+-------+-------+-------++-------
  Melee: Hand axe          |    80 |    57 |    42 ||   179
         Dagger            |    11 |       |       ||    11
         Spear             |    86 |    66 |    53 ||   205
  Evoke: Wand              |       |       |     2 ||     2
    Use: Potion            |     2 |       |     2 ||     4
         Scroll            |       |       |     4 ||     4
   Stab: Sleeping          |     6 |     1 |     4 ||    11
         Petrified         |     7 |       |       ||     7
         Petrifying        |     1 |       |       ||     1
         Held in net/web   |       |     1 |       ||     1
         Confused          |       |       |     1 ||     1
 Armour: Leather armour    |    26 |    45 |    36 ||   107
  Dodge: Dodged            |    40 |    40 |    22 ||   102

Table legend: (Time is in decaauts)
 A = Elapsed time spent in this place.
 B = Non-inter-level travel time spent in this place.
 C = Inter-level travel time spent in this place.
 D = Time resting spent in this place.
 E = Time spent auto-exploring this place.
 F = Levels seen in this place.
 G = Mean time per level.
                   A        B        C        D        E       F      G
               +--------+--------+--------+--------+--------+-----+--------+
         Total |   3409 |   3219 |    190 |    198 |   2395 |   4 |  852.2 |
       Dungeon |   3409 |   3219 |    190 |    198 |   2395 |   4 |  852.2 |
               +--------+--------+--------+--------+--------+-----+--------+

Top non-repeatable levels by time:
     D:2: 999 daAuts
     D:3: 967 daAuts
     D:4: 848 daAuts
     D:1: 594 daAuts
